Map: [G8] Dragon Scales

Players

Serral

  • Race: Zerg Zerg
  • Spawn Location: 5:00

Classic - Winner!

  • Race: Protoss Protoss
  • Spawn Location: 11:00

Event: Gamers8 2023

VOD

Have the link to the VOD?

Description

Time

  • Played on: Aug. 4, 2023, 11:46 a.m.
  • Length: 13:47

All games in this series

Show
View Real Time Build Order
Export as new Build Order

Serral Zerg 

Build Orders: Hatch First 

Get SALT Encoding   

  12  0:00  Drone  
  13  0:12  Overlord  
  13  0:16  Drone  
  14  0:30  Drone x2  
  16  0:37  Drone  
  17  0:52  Hatchery  
  17  0:54  Drone  
  17  0:57  Drone  
  18  1:08  Extractor  
  17  1:12  Spawning Pool  
  17  1:15  Drone  
  17  1:18  Drone  
  18  1:27  Drone  
  19  1:38  Drone  
  20  1:48  Overlord  
  20  1:59  Queen  
  22  2:03  Queen  
  22  2:04  Drone  
  22  2:05  Zergling x2  
  26  2:09  Metabolic Boost  
  26  2:10  Zergling x2  
  26  2:15  Drone  
  28  2:21  Drone  
  29  2:25  Drone  
  30  2:34  Hatchery  
  29  2:41  Drone  
  29  2:42  Drone  
  31  2:45  Queen  
  31  2:50  Overlord  
  33  2:52  Drone  
  33  2:55  Drone  
  33  2:57  Drone  
  36  3:03  Overlord  
  36  3:08  Queen  
  36  3:09  Drone  
  36  3:11  Drone  
  40  3:13  Drone  
  40  3:15  Drone  
  42  3:20  Drone  
  42  3:22  Drone x2  
  42  3:26  Queen  
  47  3:30  Drone  
  47  3:32  Overlord  
  48  3:39  Zergling x8  
  52  3:46  Queen  
  52  3:47  Overlord  
  54  3:50  Overlord  
  54  3:57  Drone x2  
  54  3:58  Drone x2  
  54  4:01  Spore Crawler  
  57  4:05  Drone  
  57  4:08  Overlord  
  57  4:09  Drone x3  
  61  4:12  Drone x2  
  61  4:16  Queen  
  65  4:20  Drone x2  
  67  4:26  Drone  
  67  4:29  Overlord  
  67  4:30  Drone x3  
  70  4:38  Roach Warren  
  68  4:43  Drone  
  68  4:44  Drone x3  
  69  4:46  Lair  
  69  4:48  Extractor  
  69  4:49  Drone x2  
  69  4:51  Drone x2  
  72  4:58  Extractor  
  72  4:59  Extractor, Drone x3  
  73  5:03  Overlord  
  73  5:07  Overlord  
  73  5:10  Spore Crawler  
  71  5:15  Overlord  
  71  5:19  Roach x7  
  85  5:27  Roach x2  
  89  5:31  Roach x2  
  89  5:34  Zergling x4  
  95  5:37  Zergling x10  
  99  5:52  Ravager x2  
  99  5:53  Zergling x12  
  106  6:00  Zergling x4  
  108  6:04  Ravager  
  108  6:05  Ravager x2  
  108  6:06  Queen  
  108  6:07  Overlord x3  
  108  6:08  Queen  
  112  6:12  Queen  
  112  6:20  Zergling x4  
  110  6:30  Spire  
  103  6:33  Zergling x16  
  103  6:38  Drone  
  103  6:39  Drone x3  
  111  6:40  Drone  
  111  6:41  Queen  
  111  6:44  Queen  
  114  6:50  Drone x6  
  120  6:59  Extractor x2  
  120  7:00  Glial Reconstitution  
  118  7:01  Drone  
  118  7:02  Drone x4  
  118  7:05  Overlord  
  123  7:09  Overlord x2, Drone  
  123  7:15  Queen, Overlord  
  121  7:18  Overlord  
  121  7:20  Overlord  
  118  7:32  Drone  
  118  7:35  Drone  
  118  7:36  Queen x2  
  124  7:39  Roach x4  
  132  7:49  Corruptor x3  
  132  7:51  Queen  
  138  7:56  Corruptor x2  
  144  8:04  Hatchery  
  142  8:08  Overlord  
  142  8:11  Corruptor x2  
  146  8:17  Pneumatized Carapace  
  146  8:19  Corruptor x2  
  146  8:29  Corruptor x3  
  152  8:36  Overlord  
  152  8:41  Corruptor  
  152  8:42  Corruptor x2  
  152  8:48  Overlord x3  
  158  8:52  Corruptor  
  160  8:58  Drone x4  
  160  9:00  Evolution Chamber  
  160  9:02  Zerg Flyer Weapons Level 1  
  162  9:13  Roach x5  
  162  9:16  Ravager x3  
  173  9:31  Roach x10  
  188  9:41  Ravager  
  188  9:42  Ravager  
  188  9:43  Queen x3, Extractor  
  188  9:44  Extractor, Queen  
  158  10:01  Overlord x3  
  158  10:05  Corruptor  
  158  10:06  Corruptor  
  131  10:11  Corruptor  
  121  10:20  Corruptor  
  121  10:21  Corruptor x2  
  121  10:25  Roach x7  
  131  10:31  Zerg Missile Weapons Level 1  
  131  10:39  Zergling x22  
  131  10:41  Corruptor  
  144  10:46  Corruptor  
  146  10:50  Corruptor x2  
  150  11:00  Corruptor x2  
  154  11:05  Drone  
  154  11:06  Overlord x2  
  154  11:08  Zerg Flyer Armor Level 1  
  155  11:12  Corruptor x2  
  159  11:18  Roach  
  159  11:19  Roach x2  
  159  11:20  Ravager  
  165  11:40  Roach x2  
  165  11:41  Roach x3  
  175  11:48  Hatchery, Drone  
  175  11:49  Infestation Pit, Drone  
  175  11:51  Ravager x3  
  178  11:57  Corruptor x3  
  179  12:08  Roach  
  179  12:09  Roach x8  
  196  12:21  Ravager  
  196  12:25  Hive  
  190  12:38  Roach x4  
  198  12:51  Ravager x2  
  199  12:56  Roach  
  200  13:04  Roach x3  
  192  13:15  Ravager x7  
  192  13:17  Extractor x2  
  181  13:32  Hatchery  
Show
View Real Time Build Order
Export as new Build Order

Classic Protoss - Winner!

Build Orders: 1 Gate Expand, Oracle Opening, Carriers 

Get SALT Encoding   

  12  0:00  Probe  
  13  0:12  Probe  
  14  0:18  Pylon  
  14  0:25  Probe  
  15  0:37  Probe (Chrono Boost)  
  15  0:41  Gateway  
  16  0:46  Probe (Chrono Boost)  
  17  0:51  Probe (Chrono Boost)  
  17  0:53  Assimilator  
  18  1:03  Probe  
  19  1:15  Probe  
  20  1:28  Nexus  
  20  1:31  Probe  
  21  1:42  Cybernetics Core  
  21  1:44  Probe  
  22  1:51  Assimilator  
  22  1:56  Pylon  
  22  1:59  Probe  
  23  2:15  Adept (Chrono Boost), Probe  
  24  2:19  Stargate  
  26  2:27  Probe  
  26  2:29  Warp Gate  
  27  2:38  Adept  
  27  2:39  Probe (Chrono Boost)  
  27  2:40  Probe (Chrono Boost)  
  31  2:49  Probe x2 (Chrono Boost)  
  33  2:54  Probe x2 (Chrono Boost)  
  35  3:05  Probe  
  36  3:06  Probe  
  36  3:11  Void Ray (Chrono Boost)  
  41  3:15  Pylon  
  41  3:17  Probe  
  41  3:18  Probe  
  43  3:25  Gateway  
  43  3:29  Probe  
  43  3:30  Probe  
  45  3:39  Oracle (Chrono Boost)  
  45  3:41  Probe  
  45  3:42  Probe  
  45  3:45  Pylon  
  50  3:50  Assimilator  
  50  3:52  Assimilator  
  50  3:54  Probe  
  50  3:55  Probe  
  52  4:06  Probe  
  52  4:07  Probe  
  54  4:10  Nexus  
  54  4:18  Fleet Beacon  
  54  4:19  Probe  
  54  4:21  Probe  
  56  4:28  Stargate  
  56  4:32  Probe  
  56  4:33  Probe  
  58  4:44  Probe  
  58  4:45  Probe  
  60  4:49  Pylon  
  60  4:56  Probe  
  60  4:57  Probe  
  60  4:58  Pylon  
  68  5:08  Carrier (Chrono Boost)  
  68  5:12  Probe x2  
  70  5:16  Carrier (Chrono Boost)  
  70  5:18  Pylon  
  70  5:19  Zealot  
  78  5:23  Shield Battery  
  78  5:26  Probe x3  
  81  5:33  Pylon  
  81  5:38  Probe x3  
  84  5:48  Pylon, Zealot  
  86  5:57  Probe x3  
  95  5:58  Pylon, Carrier x2 (Chrono Boost)  
  101  6:06  Zealot  
  101  6:09  Zealot  
  105  6:17  Assimilator  
  105  6:18  Assimilator  
  105  6:24  Gateway  
  103  6:28  Zealot  
  103  6:30  Shield Battery  
  103  6:31  Probe x3  
  108  6:35  Zealot  
  108  6:45  Pylon  
  108  6:47  Pylon  
  108  6:48  Shield Battery  
  108  6:51  Shield Battery x2  
  108  6:52  Carrier (Chrono Boost)  
  108  6:53  Zealot  
  110  6:55  Carrier (Chrono Boost)  
  110  6:56  Pylon  
  110  6:58  Pylon  
  110  7:01  Twilight Council  
  122  7:05  Forge  
  122  7:14  Zealot x2  
  124  7:16  Shield Battery  
  116  7:25  Probe x3  
  116  7:29  Gateway x2  
  119  7:32  Protoss Ground Weapons Level 1  
  119  7:42  Photon Cannon  
  119  7:43  Blink  
  119  7:59  Protoss Air Weapons Level 1 (Chrono Boost), Nexus  
  119  8:00  Pylon  
  119  8:04  Pylon  
  119  8:11  Templar Archives  
  119  8:13  Carrier  
  119  8:14  Carrier  
  131  8:22  Psionic Storm  
  131  8:25  Shield Battery, Nexus  
  129  8:27  Probe  
  129  8:28  Probe x2  
  132  8:38  Gateway  
  132  8:41  Gateway  
  132  8:42  Probe x3  
  135  8:48  High Templar x3  
  135  8:49  High Templar  
  135  8:52  Shield Battery  
  143  8:55  Pylon  
  143  8:59  Assimilator  
  143  9:01  Gateway  
  143  9:02  Assimilator, Gateway  
  143  9:15  Probe x3  
  146  9:19  Photon Cannon  
  146  9:22  Stalker x4  
  148  9:33  Stalker  
  150  9:43  Stalker  
  152  9:52  Stalker x4  
  160  9:57  Archon  
  151  10:00  Stalker x3  
  136  10:08  Stalker  
  117  10:16  Protoss Ground Weapons Level 2 (Chrono Boost)  
  117  10:19  Stalker x2  
  117  10:20  Stalker x2  
  123  10:23  High Templar x3  
  129  10:32  High Templar  
  131  10:36  Probe x3  
  131  10:38  Photon Cannon  
  131  10:40  Robotics Facility  
  131  10:42  Photon Cannon  
  134  10:44  Zealot  
  134  10:47  Stalker x3  
  142  10:52  Probe x3  
  142  10:53  Probe  
  146  10:58  Stalker x3  
  152  11:06  High Templar x2  
  152  11:11  Carrier (Chrono Boost)  
  156  11:17  Zealot x3  
  168  11:20  Carrier (Chrono Boost)  
  174  11:28  Observer (Chrono Boost)  
  175  11:37  Stalker  
  177  11:41  Protoss Air Weapons Level 2 (Chrono Boost)  
  177  11:42  Stalker x2  
  180  11:56  Stalker x5  
  190  12:05  Stalker x3  
  195  12:12  Nexus  
  193  12:16  Pylon  
  193  12:17  Pylon  
  192  12:24  Warp Prism  
  194  12:32  Stalker  
  194  12:43  Zealot x3  
  200  12:49  Stalker x3  
  197  13:01  Pylon  
  197  13:02  Pylon  
  197  13:04  Pylon  
  185  13:10  Stalker x5  
  192  13:12  Photon Cannon  
  192  13:14  Stalker x2  
  196  13:33  Stalker x3  
  196  13:34  Stalker x3  
  168  13:37  Archon  
  168  13:39  Stalker x2  
Tags
 
Add a new tag
Caveats
  • Supply blocks, unpowered buildings, or Contaminate may cause inaccurate times.
  • Supply counts are checked every 10 seconds.